AoeStats
← AQAYZ

Baltic

510625496Analyzed
4v4 RM · 2d ago on Oct 1, 2026· 66m 44s· 8 players
Game mode
Random Map
Map size
Large (8 player)
Population
200
Speed
Normal
Resources
Standard
Victory
Conquest
Starting age
Dark Age
Ending age
Imperial Age
RankedLock teamsTeams togetherTeam positionsShared explorationLock speedFull tech treeHidden civsTurbo modeCheats
Victory
Defeat
🇦🇷 Vietnamese · Argentina
980
+17
🇨🇱 Khmer · Chile
958
+18
🇦🇷 Hindustanis · Argentina
941
+19
🇦🇷 Dravidians · Argentina
915
+19
🇫🇷 Spanish · France
1032
-20
🇬🇧 Japanese · United Kingdom
996
-18
🇩🇪 Celts · Germany
994
-18
🇮🇹 Inca · Italy
973
-17
K.27
5:01 Loom
11:10 Feudal Age
12:53 Man-at-Arms
13:37 Horse Collar
20:35 Castle Age
19:17 Forging
19:15 Scale Mail Armor
24:05 Long Swordsman
28:28 Iron Casting
27:57 Squires
27:43 Arson
28:17 Chain Mail Armor
28:32 Double-Bit Axe
28:51 Heavy Plow
28:42 Gold Mining
37:26 Imperial Age
35:15 Fletching
35:25 Padded Archer Armor
35:42 Bow Saw
37:19 Bodkin Arrow
39:26 Bracer
40:07 Ballistics
40:48 Chemistry
39:31 Two-Handed Swordsman
45:08 Elite Rattan Archer
47:24 Wheelbarrow
48:39 Champion
49:35 Thumb Ring
Luce
10:21 Feudal Age
13:18 Horse Collar
22:09 Castle Age
20:17 Scale Barding Armor
20:23 Forging
20:12 Double-Bit Axe
20:48 Fishing Lines
22:09 Gold Mining
22:09 Stone Mining
25:50 Bow Saw
30:03 Imperial Age
28:22 Chain Barding Armor
28:55 Heavy Plow
30:22 Iron Casting
29:54 Husbandry
30:13 Bloodlines
31:24 Gold Shaft Mining
31:25 Stone Shaft Mining
32:18 Stone Shaft Mining
33:15 Blast Furnace
35:10 Wheelbarrow
36:23 Plate Barding Armor
36:58 Chemistry
37:13 Two-Man Saw
38:16 Heavy Camel Rider
39:17 Hand Cart
38:47 Loom
40:53 Siege Elephant
43:53 Grand Trunk Road
46:01 Imperial Camel Rider
47:23 Fortified Wall
47:08 Murder Holes
47:23 Clinker Construction
47:24 Careening
48:22 Elite Ghulam
51:05 Shatagni
56:08 Scale Mail Armor
56:09 Padded Archer Armor
55:59 Fletching
57:57 Onager
62:09 Chain Mail Armor
62:10 Leather Archer Armor
61:51 Bodkin Arrow
malin la estrella xd
0:37 Loom
12:02 Feudal Age
13:31 Double-Bit Axe
17:21 Castle Age
15:43 Gold Mining
15:40 Horse Collar
18:56 Stone Mining
23:36 Bow Saw
24:07 Wheelbarrow
26:35 Gold Shaft Mining
29:32 Imperial Age
32:02 Heavy Plow
32:01 Elite Ballista Elephant
33:47 Ballistics
34:34 Fletching
35:44 Double Crossbow
37:25 Siege Engineers
38:22 Scale Barding Armor
40:06 Chemistry
42:30 Masonry
44:15 Chain Barding Armor
47:58 Cavalier
50:00 Caravan
55:00 Husbandry
56:48 Hand Cart
65:23 Man-at-Arms
Lea
2:43 Loom
12:51 Feudal Age
14:45 Double-Bit Axe
17:45 Wheelbarrow
19:14 Fletching
19:25 Padded Archer Armor
21:53 Castle Age
22:22 Fishing Lines
22:57 Medium Warships
23:06 Leather Archer Armor
22:47 Bodkin Arrow
32:22 Ballistics
32:42 Scale Barding Armor
34:25 Chain Barding Armor
37:02 Hand Cart
43:25 Imperial Age
45:10 Chemistry
44:11 Bracer
44:41 Ring Archer Armor
43:41 Elite Urumi Swordsman
49:04 Elite Elephant Archer
55:40 Forging
56:08 Scale Mail Armor
57:53 Iron Casting
57:33 Chain Mail Armor
64:14 Heavy Warships
65:06 Shipwright
65:08 Clinker Construction
65:11 Careening
64:48 Elite Cannon Galleon
66:15 Spies/Treason
Sneaky Zucchini
12:55 Feudal Age
11:41 Loom
16:51 Castle Age
16:25 Double-Bit Axe
23:08 Medium Warships
25:59 Bow Saw
25:43 Horse Collar
27:57 Scale Mail Armor
28:07 Forging
28:31 Man-at-Arms
28:56 Gambesons
29:13 Squires
28:59 Arson
32:17 Chain Mail Armor
32:37 Iron Casting
31:26 Long Swordsman
36:52 Imperial Age
34:21 Fletching
35:32 Guard Tower
37:11 Two-Handed Swordsman
38:22 Plate Mail Armor
38:53 Blast Furnace
37:17 Pikeman
38:52 Champion
41:46 Fletching
43:32 Onager
45:41 Conscription
47:30 Bodkin Arrow
Boiler
12:56 Feudal Age
16:57 Castle Age
18:39 Wheelbarrow
22:50 Champi Runner
26:01 Loom
26:02 Town Watch
26:33 Fletching
26:53 Forging
26:44 Scale Mail Armor
26:45 Padded Archer Armor
28:50 Iron Casting
28:22 Horse Collar
29:26 Double-Bit Axe
30:12 Champi Warrior
30:52 Squires
33:38 Leather Archer Armor
39:39 Imperial Age
39:44 Chain Mail Armor
39:25 Bodkin Arrow
39:44 Murder Holes
39:42 Guard Tower
40:14 Ballistics
41:53 Heavy Plow
42:04 Bow Saw
41:45 Stone Mining
41:46 Gold Mining
41:40 Elite Skirmisher
43:39 Conscription
44:54 Fabric Shields
47:27 Plate Mail Armor
47:58 Blast Furnace
46:53 Bodkin Arrow
47:29 Ring Archer Armor
47:36 Siege Engineers
48:43 Elite Kamayuk
AQAYZ
9:26 Loom
16:35 Feudal Age
26:46 Wheelbarrow
29:58 Castle Age
29:58 Double-Bit Axe
29:58 Horse Collar
30:12 Gold Mining
35:35 Town Watch
48:50 Wheelbarrow
49:53 Gold Shaft Mining
54:25 Imperial Age
pixoum
11:12 Feudal Age
13:52 Wheelbarrow
17:09 Castle Age
15:41 Double-Bit Axe
24:25 Horse Collar
26:44 Bow Saw
31:58 Forging
35:19 Imperial Age
33:05 Hand Cart
33:21 Medium Warships
34:09 Siphons
35:53 Careening
35:56 Clinker Construction
37:47 Chemistry
38:44 Heavy Warships
38:39 Elite Cannon Galleon
41:31 Pikeman
42:12 Squires
44:20 Halberdier
52:02 Iron Casting
51:28 Scale Mail Armor
Connection lost

Rejoining the realm…

Still unreachable

The connection could not be restored.

Session expired

The server has moved on; the page needs a fresh start.